 Dungeon Crawl Stone Soup version 0.24-a0-170-gd8427f5 (console) character file.

Game seed: 0

34339 Voker57 the Carver (level 13, -5/93 HPs)
             Began as a Demonspawn Gladiator on Feb 22, 2019.
             Was a High Priest of Hepliaklqana.
             Killed from afar by an ice statue (21 damage)
             ... with a bolt of cold
             ... in an ice cave on Mar 8, 2019.
             The game lasted 00:33:11 (14301 turns).

Voker57 the Carver (Demonspawn Gladiator)          Turns: 14301, Time: 00:33:12

Health: -5/93      AC: 18    Str: 22    XL:     13   Next: 41%
Magic:  19/19      EV: 21    Int: 11    God:    Hepliaklqana [*****.]
Gold:   976        SH:  9    Dex: 19    Spells: 12/12 levels left

rFire    + + .     SeeInvis +   b - +2 falchion (flame)
rCold    . . .     Gourm    .   o - +3 buckler
rNeg     + . .     Faith    +   T - +3 scale mail {rF+}
rPois    +         Spirit   .   c - +0 helmet
rElec    +         Reflect  .   E - +1 cloak "Maerrykkoi" {Str-2 Int+5 SInv}
rCorr    .         Harm     .   (no gloves)
MR       .....     NoTele   +   j - +2 pair of boots "Nyocrul" {+Blink rElec rF+ Int-4}
Stlth    ..........             u - amulet of faith
HPRegen  0.25/turn              F - ring of Idyf {-Tele rPois EV+4 Str+4 SInv}
MPRegen  0.16/turn              q - ring of positive energy

@: mighty
A: reduced essence, talons 1, slimy green scales 1, demonic guardian 2, powered
by pain 3
a: Recall Ancestor, Ancestor Identity, Transference, Idealise, Renounce
Religion, Evoke Blink


You were in an ice cave.
You worshipped Hepliaklqana.
Hepliaklqana was extremely pleased with you.
You were hungry.

You visited 2 branches of the dungeon, and saw 13 of its levels.
You also visited: Ossuary, Gauntlet and Ice Cave.

You collected 976 gold pieces.

Inventory:

Hand Weapons
 a - a +5 scimitar
 b - a +2 falchion of flaming (weapon)
 A - a +1 flail of crushing
 G - the +2 dire flail "Oroniph" {speed, rPois}
   (You took it off a two-headed ogre on level 7 of the Dungeon)

   Attacks with this weapon are significantly faster.
   It protects you from poison.
Missiles
 h - 2 throwing nets
 p - 51 poisoned needles
 v - 5 curare-tipped needles
 N - 15 poisoned javelins (quivered)
Armour
 c - a +0 helmet (worn)
 j - the +2 pair of boots "Nyocrul" (worn) {+Blink rElec rF+ Int-4}
   (You found it in a Gauntlet)

   It affects your intelligence (-4).
   It protects you from fire.
   It insulates you from electricity.
   It lets you blink.
 o - a +3 buckler (worn)
 E - the +1 cloak "Maerrykkoi" (worn) {Str-2 Int+5 SInv}
   (You found it on level 8 of the Dungeon)

   It affects your strength (-2).
   It affects your intelligence (+5).
   It lets you see invisible.
 M - a +0 pair of boots of flying
 S - a +1 ring mail of positive energy
 T - a +3 scale mail of fire resistance (worn)
Magical Staves
 z - an uncursed staff of air {unknown}
Jewellery
 i - an uncursed amulet of rage
 k - an uncursed amulet of the acrobat
 m - an uncursed ring of poison resistance
 q - a ring of positive energy (right hand)
 u - an amulet of faith (around neck)
 F - the ring of Idyf (left hand) {-Tele rPois EV+4 Str+4 SInv}
   (You took it off a minotaur in a Gauntlet)

   [ring of evasion]

   It affects your evasion (+4).
   It affects your strength (+4).
   It protects you from poison.
   It lets you see invisible.
   It prevents most forms of teleportation.
Wands
 d - a wand of scattershot (6)
 g - a wand of iceblast (17)
 x - a wand of disintegration (15)
 C - a wand of digging (12)
 L - a wand of flame (22)
Scrolls
 r - 6 scrolls of amnesia
 s - 2 scrolls of teleportation
 t - 2 scrolls of fog
 w - 2 scrolls of torment
 y - 2 scrolls of identify
 B - 5 scrolls of enchant weapon
 H - 3 scrolls of remove curse
 R - 2 scrolls of enchant armour
Potions
 e - 5 potions of curing
 l - 2 potions of heal wounds
 n - 2 potions of flight
 D - 2 potions of magic
 I - a potion of might
 K - a potion of brilliance
 P - a potion of degeneration
Comestibles
 f - 31 rations


   Skills:
 + Level 10.6 Fighting
 + Level 11.6 Long Blades
 - Level 1.7 Throwing
 + Level 4.2 Armour
 + Level 9.9 Dodging
 + Level 7.5 Shields
 + Level 8.1 Invocations


You had 12 spell levels left.
You didn't know any spells.
Your spell library contained the following spells:

 Spells                   Type           Power        Failure   Level  Hunger
 Animate Skeleton         Necr           N/A          65%         1    ##.....
 Apportation              Tloc           #.....       65%         1    ##.....
 Confusing Touch          Hex            #.....       65%         1    ##.....
 Summon Small Mammal      Summ           #...         65%         1    ##.....
 Corpse Rot               Necr           N/A          80%         2    ###....
 Stone Arrow              Conj/Erth      #.....       95%         3    ####...
 Leda's Liquefaction      Hex/Erth       #.........   100%        4    #####..
 Summon Forest            Summ/Tloc      #.........   100%        5    ######.
 Hydra Form               Tmut           #.........   100%        6    #######
 Summon Hydra             Summ           #.........   100%        7    #######


Dungeon Overview and Level Annotations

Branches:
Dungeon (11/15)            Temple (0/1) D:7            Lair (2/6) D:11
  Swamp: Lair:2-4    Shoals: Lair:2-4     Snake: Lair:2-4    Spider: Lair:2-4
    Orc: D:9-12

Altars:
Dithmenos
Elyvilon
Gozag
Hepliaklqana
Kikubaaqudgha
Makhleb
Nemelex Xobeh
Ru
Xom

Annotations:
IceCv 1 transporter, exclusion: 2 ice statues


Innate Abilities, Weirdness & Mutations

You have sharp toenails.
You are partially covered in slimy green scales. (AC +2)
A demonic guardian rushes to your aid.
You are powered by pain.
Your life essence is reduced to manifest your ancestor. (-10% HP)


Message History

The freezing blast engulfs you!
Your soul eater hits the ice beast!
You block the ice beast's attack.
You are engulfed in freezing vapours.
* * * LOW HITPOINT WARNING * * *
The ice beast hits you but does no damage.
The ice statue gestures at you. The bolt of cold hits you!!
* * * LOW HITPOINT WARNING * * *
You focus on the pain.
You feel very mighty all of a sudden.
The bolt of cold misses the ice beast.
The ice statue gestures at you. The bolt of cold misses you.
Okay, then.
You feel much better.
You are engulfed in freezing vapours.
* * * LOW HITPOINT WARNING * * *
The ice beast hits you but does no damage. x2
The ice statue gestures at you. The bolt of cold hits you!!
You die...

####
####...###
##........##
##..........#
##.○○☼.......#
#..○○Y○.8..8.#
#..○YY@○..$.!#
#.○3○○Y..$.[©#
#...4○.○..%.!#
#.......8..8.#
##.....Y.....#
##..........#
##........##
####...###
####


You could see 2 ice statues, 5 ice beasts, a friendly soul eater and a friendly
ice devil.

Vanquished Creatures
  A minotaur (Gauntlet)
  A black mamba (Lair:1)
  A spiny frog (Lair:1)
  An ice devil (Lair:2)
  2 slime creatures (D:9)
  A hippogriff (D:7)
  7 yaks
  Menkaure (D:4)
  A soldier ant (D:10)
  Edmund (D:4)
  A swamp worm (Lair:2)
  A warg (D:11)
  A porcupine (Lair:1)
  An orc warrior (D:10)
  5 water moccasins
  2 black bears (D:9)
  4 ice beasts
  A sky beast (D:9)
  4 wolves
  3 ogres
  2 phantoms
  4 centaurs
  2 big kobolds
  2 crocodiles
  5 bullfrogs
  2 elf zombies (Ossuary)
  A wyvern zombie (D:10)
  2 scorpions
  14 killer bees
  7 wights
  5 crimson imps
  A quasit (D:4)
  3 bullfrog zombies
  4 orc priests
  6 hounds
  A jelly (D:11)
  A centaur skeleton (D:7)
  3 orc wizards
  3 bullfrog skeletons
  5 worker ants
  3 iguanas
  6 hell rats (Lair:1)
  A big kobold zombie (Ossuary)
  A hound skeleton (D:10)
  A mummy (Ossuary)
  4 gnolls
  14 adders
  13 river rats
  3 shadow imps
  2 oozes (D:4)
  5 adder zombies (Ossuary)
  2 adder skeletons (D:3)
  6 worms
  4 dart slugs
  A leopard gecko (D:1)
  31 orcs
  9 bats
  9 giant cockroaches
  A gnoll zombie (Ossuary)
  4 goblins (D:3)
  9 hobgoblins
  6 jackals
  10 quokkas
  A ball python (D:3)
  4 frilled lizards
  A giant cockroach zombie (D:5)
  A goblin zombie (Ossuary)
  2 hobgoblin zombies (Ossuary)
  2 jackal zombies (Ossuary)
  8 kobolds
  A quokka skeleton (D:9)
  4 quokka zombies (Ossuary)
  17 rats
  2 rat zombies (Ossuary)
301 creatures vanquished.

Vanquished Creatures (collateral kills)
  A hydra (D:8)
  The ghost of Nr616 the Carver, a novice MiGl of Makhleb (D:8)
  A two-headed ogre (D:7)
  An unseen horror (D:11)
  The ghost of Borgoz the Sneak, a novice GrEn of Ashenzari (D:7)
  An orange crystal statue (Gauntlet)
  4 ugly things
  Joseph (Lair:1)
  Maurice (D:8)
  A torpor snail (Gauntlet)
  An ice devil (Lair:2)
  A queen bee (Gauntlet)
  A troll (D:11)
  A tyrant leech (Lair:2)
  2 dream sheep (D:8)
  3 hippogriffs
  3 slime creatures (D:9)
  A wraith (D:10)
  12 yaks
  A hungry ghost (D:11)
  2 wargs (D:11)
  A soldier ant (D:7)
  4 water moccasins
  8 ice beasts
  2 sky beasts
  An orc warrior (D:7)
  A phantom (D:7)
  A necrophage (D:10)
  3 ogres
  2 wolves (Lair:1)
  A centaur (D:6)
  2 crocodiles (Lair:1)
  4 bullfrogs
  2 big kobolds (D:8)
  2 wyvern zombies
  A scorpion (D:11)
  4 killer bees
  6 wights
  A crimson imp (D:6)
  A centaur zombie (Ossuary)
  2 human zombies (Ossuary)
  3 hounds
  A jelly (D:11)
  An orc priest (D:11)
  An iguana (D:11)
  16 orc wizards
  A killer bee zombie (D:7)
  4 adders
  3 gnolls
  2 river rats (Lair:1)
  A shadow imp (D:9)
  2 adder zombies (Ossuary)
  16 orcs
  3 kobolds (D:11)
  A quokka (D:10)
  A hobgoblin zombie (Ossuary)
  2 kobold zombies (Ossuary)
  A rat (Lair:1)
149 creatures vanquished.

Vanquished Creatures (others)
  6 battlemagi
  4 ancestors
  13 demonic plants (Gauntlet)
  A fungus (Lair:1)
  A plant (D:8)
25 creatures vanquished.

Grand Total: 475 creatures vanquished

Notes
Turn   | Place    | Note
-------+----------+-------------------------------------------
     0 | D:1      | Voker57 the Demonspawn Gladiator began the quest for the
                  | Orb.
     0 | D:1      | Reached XP level 1. HP: 16/16 MP: 1/1
   359 | D:1      | Reached skill level 3 in Long Blades
   373 | D:1      | Gained mutation: A weak demonic guardian rushes to your
                  | aid. [demonic ancestry]
   373 | D:1      | Reached XP level 2. HP: 22/22 MP: 2/2
   958 | D:2      | Reached XP level 3. HP: 24/28 MP: 3/3
  1482 | D:2      | Gained mutation: You have sharp toenails. [demonic
                  | ancestry]
  1482 | D:2      | Reached XP level 4. HP: 12/34 MP: 4/4
  2256 | D:3      | Reached skill level 4 in Long Blades
  2384 | D:3      | Found a hazy altar of Hepliaklqana.
  2407 | D:3      | Reached XP level 5. HP: 41/41 MP: 5/5
  3112 | D:3      | Upgraded the game from 0.24-a0-123-ga2403f3 to
                  | 0.24-a0-170-gd8427f5
  3359 | D:4      | Reached XP level 6. HP: 24/47 MP: 6/6
  3567 | D:4      | Noticed Menkaure
  3575 | D:4      | Killed Menkaure
  3575 | D:4      | Reached skill level 5 in Long Blades
  3896 | D:4      | Noticed Edmund
  3914 | D:4      | Killed Edmund
  3914 | D:4      | Gained mutation: You sometimes gain a little power by
                  | taking damage. [demonic ancestry]
  3914 | D:4      | Reached XP level 7. HP: 54/54 MP: 7/7
  4147 | D:5      | Entered Level 5 of the Dungeon
  4193 | D:3      | Became a worshipper of Hepliaklqana the Forgotten
  4269 | D:5      | Reached skill level 6 in Long Blades
  4309 | D:5      | Found an opulent altar of Gozag.
  4340 | D:5      | Found a sparkling altar of Nemelex Xobeh.
  4342 | D:5      | Found a white marble altar of Elyvilon.
  4583 | D:5      | Found a sand-covered staircase.
  4587 | Ossuary  | Entered an ossuary
  4683 | Ossuary  | Reached skill level 5 in Dodging
  4695 | Ossuary  | Gained mutation: You sometimes gain power by taking damage.
                  | [demonic ancestry]
  4695 | Ossuary  | Reached XP level 8. HP: 41/54 MP: 8/8
  4798 | D:5      | Reached skill level 5 in Fighting
  5419 | D:5      | Reached * piety under Hepliaklqana
  5656 | D:6      | Reached skill level 7 in Long Blades
  6167 | D:6      | Found a burning altar of Makhleb.
  6167 | D:6      | Noticed a cacodemon
  6515 | D:7      | Identified the cursed +2 dire flail "Oroniph" {speed,
                  | rPois}
  6515 | D:7      | Noticed a two-headed ogre
  6516 | D:7      | Noticed Borgoz's ghost (novice GrEn)
  6521 | D:7      | Found a transporter.
  6543 | D:7      | Reached skill level 8 in Long Blades
  6553 | D:7      | Gained mutation: A demonic guardian rushes to your aid.
                  | [demonic ancestry]
  6553 | D:7      | Reached XP level 9. HP: 8/62 MP: 9/9
  7250 | D:7      | Found a staircase to the Ecumenical Temple.
  7292 | D:7      | Reached skill level 1 in Shields
  7359 | D:7      | Found a sacrificial altar of Ru.
  7528 | D:7      | Found a transporter.
  7539 | D:7      | Reached skill level 9 in Long Blades
  7552 | D:7      | Killed a two-headed ogre
  7596 | D:7      | Killed Borgoz's ghost
  7998 | D:8      | Got an ancient cloak
  8009 | D:8      | Identified the +1 cloak "Maerrykkoi" {Str-2 Int+5 SInv}
                  | (You found it on level 8 of the Dungeon)
  8123 | D:8      | Reached XP level 10. HP: 71/71 MP: 10/10
  8200 | D:8      | Found an ancient bone altar of Kikubaaqudgha.
  8366 | D:8      | Noticed Maurice
  8437 | D:8      | Killed Maurice
  8764 | D:8      | Found a runed translucent door.
  8764 | D:8      | Noticed Nr616's ghost (novice MiGl)
  8961 | D:8      | Killed Nr616's ghost
  9029 | D:8      | Noticed a three-headed hydra
  9047 | D:8      | Killed a three-headed hydra
  9283 | D:9      | Reached skill level 10 in Long Blades
  9304 | D:9      | Found a shimmering altar of Xom.
  9305 | D:9      | Found a shimmering altar of Xom.
  9307 | D:9      | Found a shimmering altar of Xom.
  9307 | D:9      | Found a shimmering altar of Xom.
  9308 | D:9      | Found a shimmering altar of Xom.
  9309 | D:9      | Found a shimmering altar of Xom.
  9369 | D:9      | Reached ** piety under Hepliaklqana
  9371 | D:9      | Remembered your ancestor Xiloxoch as a battlemage
  9743 | D:9      | Found a shadowy altar of Dithmenos.
 10112 | D:10     | Entered Level 10 of the Dungeon
 10211 | D:10     | Gained mutation: You are partially covered in slimy green
                  | scales. (AC +2) [demonic ancestry]
 10211 | D:10     | Reached XP level 11. HP: 68/78 MP: 11/11
 10314 | D:10     | Noticed a green ugly thing
 10320 | D:10     | Killed a green ugly thing
 10320 | D:10     | Reached skill level 5 in Shields
 10320 | D:10     | Reached skill level 1 in Invocations
 10474 | D:10     | Reached *** piety under Hepliaklqana
 10884 | D:11     | Noticed a green ugly thing
 10895 | D:11     | Killed a green ugly thing
 11017 | D:11     | Found a gate leading to a gauntlet.
 11102 | Gauntlet | Entered a Gauntlet
 11102 | Gauntlet | Found a transporter.
 11102 | Gauntlet | Found a transporter.
 11106 | Gauntlet | Found a transporter.
 11106 | Gauntlet | Found a transporter.
 11116 | Gauntlet | Found a transporter.
 11160 | Gauntlet | Found a transporter.
 11177 | Gauntlet | Found a transporter.
 11190 | Gauntlet | Found a transporter.
 11207 | Gauntlet | Noticed an orange crystal statue
 11289 | Gauntlet | Found a transporter.
 11290 | Gauntlet | Noticed a fire crab
 11299 | Gauntlet | Found the +3 Elemental Staff {rElec rF++ rC++ MR++ AC+5}
 11306 | Gauntlet | Found a transporter.
 11327 | Gauntlet | Found a transporter.
 11336 | Gauntlet | Found a transporter.
 11338 | Gauntlet | Noticed a necromancer
 11355 | Gauntlet | Found a transporter.
 12127 | Gauntlet | Found a transporter.
 12127 | Gauntlet | Noticed a fire crab
 12148 | Gauntlet | Found a transporter.
 12155 | Gauntlet | Got a pair of warped boots
 12168 | Gauntlet | Killed an orange crystal statue
 12207 | Gauntlet | Identified the +2 pair of boots "Nyocrul" {+Blink rElec rF+
                  | Int-4} (You found it in a Gauntlet)
 12260 | Gauntlet | Identified the ring of Idyf {-Tele rPois EV+4 Str+4 SInv}
 12260 | Gauntlet | Noticed a minotaur
 12272 | Gauntlet | Killed a minotaur
 12430 | D:11     | Found a staircase to the Lair.
 12432 | D:11     | Found the +12 glaive of Prune {chop}
 12439 | D:11     | Noticed an unseen horror
 12454 | D:11     | Killed an unseen horror
 12469 | D:11     | Reached skill level 1 in Armour
 12469 | D:11     | Reached skill level 5 in Invocations
 12651 | D:11     | Reached **** piety under Hepliaklqana
 12667 | D:11     | Reached skill level 11 in Long Blades
 12872 | Lair:1   | Entered Level 1 of the Lair of Beasts
 12876 | Lair:1   | Noticed Joseph
 12880 | Lair:1   | Killed Joseph
 12938 | Lair:1   | Got a steaming granite ring
 12948 | Lair:1   | Reached XP level 12. HP: 87/87 MP: 16/16
 13036 | Lair:1   | Reached skill level 10 in Fighting
 13893 | Lair:2   | Reached ***** piety under Hepliaklqana
 14143 | Lair:2   | Found a frozen archway.
 14166 | Lair:2   | Identified the ring "Leyxakor" {Int+2 Stlth-} (You found it
                  | on level 1 of the Lair of Beasts)
 14188 | Lair:2   | Gained mutation: You are powered by pain. [demonic
                  | ancestry]
 14188 | Lair:2   | Reached XP level 13. HP: 51/93 MP: 16/18
 14191 | IceCv    | Entered an ice cave
 14212 | IceCv    | Found a transporter.
 14255 | IceCv    | Found the +3 salamander hide armour {+Rage rF++}
 14255 | IceCv    | Found a transporter.
 14301 | IceCv    | Killed from afar by an ice statue

Levels and vault maps discovered:
D:1:      wheals_arrival_linesprint, layout_basic
D:2:      layout_loops_ring, first_ration
D:3:      minmay_bubble_buster, layout_loops_cross, lemuel_doored_altar,
          portal_sewer_entry_a
D:4:      layout_loops_ring, minmay_divided_ellipse, uniq_menkaure, uniq_edmund
D:5:      layout_layer_cave, old_standard_altar,
          chequers_temple_overflow_statue_of_worship, enter_ossuary_5
D:6:      layout_basic, makhleb_altar_promises_db, chequers_serial_rivers_room_b
D:7:      layout_rooms, minmay_temple_entry_purple_smoke, gammafunk_ghost_smash,
          nicolae_ru_path_of_blood
D:8:      layout_loops_ring, kiku_gazebo_pond_becter, gammafunk_ghost_grave,
          hangedman_ranch [blue_anna_fruit_fields], uniq_maurice
D:9:      layout_basic, xom_redecorated, nicolae_dithmenos_shadow_blocks
D:10:     layout_basic
D:11:     layout_cave_pools, erik_lair_orcish_takeover, gauntlet_entry_generic
Lair:1:   lemuel_ratsnest, layout_loops_ring, grunt_megastairs_2, uniq_joseph
Lair:2:   regret_index_harrowing_hell_hive, layout_regular_city,
          minmay_swamp_entry_worms, portal_ice_cave_demonic_guard,
          beast_lair_carwin_11
Ossuary:  minmay_ossuary_two_tombs
IceCv:    ice_cave_statue_garden_transporter
Gauntlet: gammafunk_gauntlet_branching [gammafunk_gauntlet_arena_corners,
          gammafunk_gauntlet_arena_teeth, gammafunk_gauntlet_arena_arrow_garden,
          nicolae_gauntlet_arena_flowing_pool, gammafunk_gauntlet_arena_grid,
          nicolae_gauntlet_arena_t_cross, nicolae_gauntlet_swirl,
          gammafunk_gauntlet_arena_mazey, gauntlet_exit_green]

Skill      XL: |  1  2  3  4  5  6  7  8  9 10 11 12 13 |
---------------+----------------------------------------+-----
Long Blades    | 3 4 5 6 8 9 10 11 | 11.6
Dodging        | 3 4 5 6 7 8 9 |  9.9
Fighting       | 3 4 6 7 8 9 10 | 10.6
Shields        | 2 4 6 7 |  7.5
Invocations    | 5 7 8 |  8.1
Armour         | 1 4 |  4.2
Throwing       | |  1.7

Action                   |  1- 3 |  4- 6 |  7- 9 | 10-12 | 13-15 || total
-------------------------+-------+-------+-------+-------+-------++-------
Melee: Long sword        |   113 |   148 |   274 |   140 |       ||   675
       Kick              |       |    49 |   141 |   114 |       ||   304
       Dire flail        |       |       |    18 |       |       ||    18
       Scimitar          |       |       |       |   396 |       ||   396
       Flail             |       |       |       |     1 |       ||     1
       Falchion          |       |       |       |       |    49 ||    49
Throw: Throwing net      |       |     3 |     1 |     2 |       ||     6
Invok: Recall Ancestor   |       |       |       |     1 |       ||     1
       Ancestor Life: Ba |       |       |       |     1 |       ||     1
       Transference      |       |       |       |     1 |       ||     1
Evoke: Wand              |       |       |     2 |       |       ||     2
  Use: Scroll            |     3 |     1 |     8 |    18 |       ||    30
       Potion            |       |       |     5 |     2 |     1 ||     8
 Stab: Sleeping          |       |     1 |     2 |     2 |       ||     5
       Held in net/web   |       |     1 |       |     1 |       ||     2
       Invisible         |       |       |     2 |       |       ||     2
       Distracted        |       |       |       |     8 |     1 ||     9
  Eat: Chunk             |     2 |     7 |     8 |    16 |       ||    33
       Ration            |       |       |     2 |     1 |       ||     3
Armor: Leather armour    |    27 |    22 |    35 |    22 |       ||   106
       Scale mail        |       |       |       |    85 |    20 ||   105
Dodge: Dodged            |    77 |    84 |   213 |   341 |    51 ||   766
Block: Buckler           |     7 |    45 |    76 |   266 |    21 ||   415
       Rpst.: Long sword |    19 |    33 |    58 |    34 |       ||   144
       Scimitar          |       |       |       |    80 |       ||    80
       Falchion          |       |       |       |       |    16 ||    16

Table legend:
 A = Non-vault XP
 B = Vault XP
 C = Vault XP percentage of total XP
 D = Non-vault monster count
 E = Vault monster count
 F = Vault count percentage of total count
                 A         B        C        D         E       F
            +---------+---------+-------+---------+---------+-------
      Total |   16861 |   12289 |  42.2 |     299 |     151 |  33.6
            +---------+---------+-------+---------+---------+-------
        D:1 |      29 |       0 |   0.0 |      16 |       0 |   0.0
        D:2 |      95 |       0 |   0.0 |      26 |       0 |   0.0
        D:3 |     142 |      42 |  22.8 |      24 |      16 |  40.0
        D:4 |     141 |     521 |  78.7 |       7 |       9 |  56.2
        D:5 |     184 |       0 |   0.0 |      13 |       0 |   0.0
        D:6 |     879 |       0 |   0.0 |      21 |       0 |   0.0
        D:7 |    1535 |    1096 |  41.7 |      34 |       4 |  10.5
        D:8 |     876 |    2065 |  70.2 |      27 |      10 |  27.0
        D:9 |    2679 |       0 |   0.0 |      36 |       0 |   0.0
       D:10 |    2204 |       0 |   0.0 |      25 |       0 |   0.0
       D:11 |    4140 |     503 |  10.8 |      45 |       8 |  15.1
     Lair:1 |    3595 |    1347 |  27.3 |      22 |      40 |  64.5
     Lair:2 |     362 |    1687 |  82.3 |       3 |      15 |  83.3
    Ossuary |       0 |     414 | 100.0 |       0 |      29 | 100.0
      IceCv |       0 |    1424 | 100.0 |       0 |       8 | 100.0
   Gauntlet |       0 |    3190 | 100.0 |       0 |      12 | 100.0
            +---------+---------+-------+---------+---------+-------
